 Dungeon Crawl Stone Soup version 0.31-a0-845-g9abc20d24f (webtiles) character file.

Game seed: 15397340778201228037

42 Kurtz the Chopper (level 3, 0/26 HPs)
             Began as an Octopode Fighter on Oct 1, 2023.
             Slain by a black bear (3 damage)
             ... on level 4 of the Dungeon.
             The game lasted 00:00:42 (1685 turns).

Kurtz the Chopper (Octopode Fighter)                Turns: 1685, Time: 00:00:42

Health: 0/26       AC:  1    Str: 15    XL:     3   Next: 56%
Magic:  3/3        EV: 13    Int: 10    God:
Gold:   60         SH:  9    Dex: 13    Spells: 2/2 levels left

rFire   . . .        a - +0 war axe
rCold   . . .        b - +0 buckler
rNeg    . . .        (helmet restricted)
rPois   .            j - amulet of reflection
rElec   .            (no ring)
rCorr   .            (no ring)
SInv    .            (no ring)
Will    .....        (no ring)
Stlth   ++           (no ring)
HPRegen 0.24/turn    (no ring)
MPRegen 0.08/turn    (no ring)
                     (no ring)

%: reflection
@: no status effects
A: almost no armour, amphibious, 8 rings, camouflage 1, gelatinous body 1,
(nimble swimmer 1), tentacles
a: no special abilities


You were on level 4 of the Dungeon.
You visited 1 branch of the dungeon, and saw 3 of its levels.

You collected 60 gold pieces.

Inventory:

Hand Weapons
 a - a +0 war axe (weapon)
Armour
 b - a +0 buckler (worn)
Jewellery
 j - an amulet of reflection (around mantle)
Scrolls
 e - a scroll of revelation {unknown}
 g - a scroll of immolation {unknown}
 h - 2 scrolls of identify {unknown}
 i - 2 scrolls of fear {unknown}
Potions
 c - a potion of might
 d - a potion of curing {unknown}
 f - a potion of ambrosia {unknown}


   Skills:
 - Level 3.0 Fighting
 * Level 3.8 Axes
 - Level 3.0 Dodging
 - Level 3.0 Shields


You had 2 spell levels left.
You didn't know any spells.
Your spell library was empty.

Dungeon Overview and Level Annotations

Branches:
Dungeon (4/15)
 Temple: D:4-7

Altars:

Annotations:
D:1 1 transporter


Innate Abilities, Weirdness & Mutations

You cannot wear most types of armour.
You are amphibious.
You can wear up to eight rings at the same time.
Your skin changes colour to match your surroundings (Stealth+).
Your rubbery body absorbs attacks. (AC +1, EV +1)
((You are camouflaged when in or above water. (Stealth+)))
You have tentacles for arms and can constrict up to eight enemies at once.


Message History

You start putting on your amulet.
You continue putting on your amulet of reflection. x5
You finish putting on your amulet of reflection.
You feel a shielding aura gather around you.
j - an amulet of reflection (around mantle) As you open the door, it creaks loudly!
An adder comes into view.
An adder is nearby!
There is an open door here.
No target in view!
No target in view!
No target in view!
You open the door.
Found 5 stones.
You open the door.
There is an open door here.
You open the door.
A howler monkey and a black bear come into view.
Found an inky potion.
The howler monkey howls!
There is an open door here.
The black bear growls angrily.
You hear a shout!
You barely miss the howler monkey. You grab the howler monkey.
You constrict the howler monkey. The howler monkey hits you.
A kobold comes into view. It is wielding a +0 whip.
The howler monkey hits you!
Unknown command.
You release your grip on the howler monkey.
The howler monkey hoots and howls with incredible vigour!
The black bear attacks as it pursues you!
The black bear bites you!
* * * LOW HITPOINT WARNING * * *
The black bear barely misses you. The black bear claws you.
* * * LOW HITPOINT WARNING * * *
You hear an angry hiss.
You hear a shout! x20
There is an open door, spattered with blood here.
The black bear attacks as it pursues you!
You block the black bear's attack. The black bear closely misses you.
The black bear claws you.
You die...

######### ##
........###♣.#
..........#..###
......!........
###...........K#
............#
........h...#
..####h#####
####@# +....#
###..# #..# #..#
#..# #..######
#.......+
#.#######


You could see a black bear and a howler monkey (catching breath).

Vanquished Creatures
  A gnoll (D:2)
  An adder (D:2)
  2 dart slugs
  An endoplasm (D:1)
  A hobgoblin (D:1)
  A quokka (D:1)
  6 ball pythons
  A bat (D:1)
  2 frilled lizards
  A kobold (D:1)
  3 rats (D:1)
20 creatures vanquished.

Notes
Turn   | Place    | Note
-------+----------+-------------------------------------------
     0 | D:1      | Kurtz the Octopode Fighter began the quest for the Orb.
     0 | D:1      | Reached XP level 1. HP: 16/16 MP: 1/1
   125 | D:1      | Reached XP level 2. HP: 13/21 MP: 2/2
  1121 | D:2      | Reached XP level 3. HP: 22/26 MP: 3/3
  1624 | D:2      | You fall into a shaft and drop 2 floors!
  1680 | D:4      | Noticed a black bear
  1685 | D:4      | Slain by a black bear

Illustrated notes

Levels and vault maps discovered:
D:1:      spicycebolla_arrival_risky_transporter, layout_basic
D:2:      layout_loops_ring
D:4:      kennysheep_kobold_camp, layout_basic,
          chequers_temple_overflow_minitemple, serial_shops, shop, shop, shop,
          nicolae_shop_hallway_plus, shop, minmay_strange_pillars, st_stairs_9,
          kennysheep_small_square, uniq_robin

Skill      XL: |  1  2 |
---------------+-------+-----
Axes           | 3 |  3.8
Fighting       | |  3.0
Dodging        | |  3.0
Shields        | |  3.0

Action                     || total
---------------------------++-------
  Melee: War axe           ||    33
         Constrict         ||     8
         Tentacles         ||     5
         Punch             ||     1
   Stab: Sleeping          ||     5
 Armour: Skin              ||    15
  Dodge: Dodged            ||    17
  Block: Buckler           ||     6

Table legend: (Time is in decaauts)
 A = Elapsed time spent in this place.
 B = Non-inter-level travel time spent in this place.
 C = Inter-level travel time spent in this place.
 D = Time resting spent in this place.
 E = Time spent auto-exploring this place.
 F = Levels seen in this place.
 G = Mean time per level.
                   A        B        C        D        E       F      G
               +--------+--------+--------+--------+--------+-----+--------+
         Total |   1697 |   1668 |     29 |    587 |    900 |   3 |  565.7 |
       Dungeon |   1697 |   1668 |     29 |    587 |    900 |   3 |  565.7 |
               +--------+--------+--------+--------+--------+-----+--------+

Top non-repeatable levels by time:
     D:1: 939 daAuts
     D:2: 696 daAuts
     D:4: 61 daAuts
